 Dungeon Crawl Stone Soup version 0.24-a0-584-g9d6b971 (webtiles) character file.

Game seed: 11621007998014059375, levelgen mode: deterministic

23321 paralogiki the Artisan of Death (level 12, -9/103 HPs)
             Began as a Mummy Necromancer on Sept 5, 2019.
             Was a Priest of Kikubaaqudgha.
             Mangled by a freezing wraith (10 damage)
             ... in an ice cave.
             The game lasted 01:10:59 (22156 turns).

paralogiki the Artisan of Death (MuNe)             Turns: 22156, Time: 01:11:00

Health: -9/103     AC:  9    Str: 11    XL:     12   Next: 70%
Magic:  18/27      EV: 13    Int: 19    God:    Kikubaaqudgha [***...]
Gold:   635        SH:  8    Dex: 13    Spells: 6/33 levels left

rFire    . . .     SeeInvis .   b - +5 whip (elec)
rCold    + . .     Gourm    .   (no shield)
rNeg     + + +     Faith    .   A - +2 robe {MR+}
rPois    ∞         Spirit   .   c - +0 helmet
rElec    .         Reflect  +   l - +0 cloak
rCorr    .         Harm     .   (no gloves)
MR       ++...                  u - +2 pair of boots
Stlth    ++........             D - brooch of Shielding {Reflect SH+8}
HPRegen  0.27/turn              C - ring of protection from fire {rF+, !d}
MPRegen  0.20/turn              v - ring of wizardry {Wiz+, !d}

@: slowed, very slow
A: no food or potions, fire vulnerability, cold resistance 1, negative energy
resistance 3, torment resistance, unbreathing
a: Receive Corpses, Renounce Religion


You were in an ice cave.
You worshipped Kikubaaqudgha.
Kikubaaqudgha was most pleased with you.
You were not hungry.

You visited 3 branches of the dungeon, and saw 16 of its levels.
You also visited: Ice Cave and Volcano.

You collected 869 gold pieces.
You spent 234 gold pieces at shops.

Inventory:

Hand Weapons
 a - a +2 dagger of freezing
   (You took it off a kobold on level 9 of the Dungeon)
 b - a +5 whip of electrocution (weapon)
   (You took it off a gnoll on level 9 of the Dungeon)
 n - a +2 flail of venom
   (You took it off Edmund on level 4 of the Dungeon)
Armour
 c - a +0 helmet (worn)
   (You took it off Robin on level 2 of the Dungeon)
 l - a +0 cloak (worn)
   (You found it on level 4 of the Dungeon)
 u - a +2 pair of boots (worn)
   (You found it on level 7 of the Dungeon)
 A - a +2 robe of magic resistance (worn)
   (You bought it in a shop on level 9 of the Dungeon)
Jewellery
 i - a +4 amulet of reflection
   (You took it off a goblin on level 4 of the Dungeon)
 v - a ring of wizardry (right hand) {Wiz+, !d}
   (You found it on level 2 of the Lair of Beasts)
 w - an uncursed ring of see invisible {sInv, !d}
   (You found it on level 7 of the Dungeon)
 C - a ring of protection from fire (left hand) {rF+, !d}
   (You found it on level 4 of the Lair of Beasts)
 D - the brooch of Shielding (around neck) {Reflect SH+8}
   (You found it on level 4 of the Lair of Beasts)

   [amulet of reflection]

   It shields you and reflects attacks.
   It affects your SH (+8).
Wands
 k - a wand of flame (47)
   (You took it off Duvessa on level 5 of the Dungeon)
 o - a wand of polymorph (8)
   (You found it on level 5 of the Dungeon)
 q - a wand of disintegration (5)
   (You found it on level 6 of the Dungeon)
 s - a wand of digging (8)
   (You found it on level 3 of the Dungeon)
 y - a wand of enslavement (19)
   (You found it on level 7 of the Dungeon)
 z - a wand of paralysis (16)
   (You found it on level 8 of the Dungeon)
Scrolls
 d - 3 scrolls of blinking {!r}
 e - 2 scrolls of teleportation
 f - 4 scrolls of enchant weapon
 g - 6 scrolls of remove curse {@r2}
 h - 4 scrolls of fear
 j - 12 scrolls of identify {@r1}
 m - 3 scrolls of amnesia
 p - 2 scrolls of enchant armour
 r - 3 scrolls of vulnerability {unknown}
 t - a scroll of random uselessness {unknown}
 x - 2 scrolls of magic mapping {!r}
 B - a scroll of immolation {unknown}


   Skills:
 + Level 12.4 Fighting
 - Level 2.8 Dodging
 - Level 1.5 Stealth
 - Level 11.0 Spellcasting
 + Level 2.9 Conjurations
 - Level 13.0 Necromancy
 + Level 2.0 Earth Magic
 - Level 5.0 Evocations


You had 6 spell levels left.
You knew the following spells:

 Your Spells              Type           Power        Failure   Level  Hunger
a - Pain                  Necr           ####         1%          1    N/A
b - Animate Dead          Necr           N/A          1%          4    N/A
c - Corpse Rot            Necr           N/A          1%          2    N/A
d - Dispel Undead         Necr           ######..     1%          5    N/A
e - Magic Dart            Conj           ###.         1%          1    N/A
f - Bolt of Draining      Conj/Necr      #####.....   2%          5    N/A
g - Borgnjor's Vile Clut  Necr/Erth      #####.....   3%          5    N/A
x - Vampiric Draining     Necr           ######....   1%          3    N/A
A - Animate Skeleton      Necr           N/A          1%          1    N/A

Your spell library contained the following spells:

 Spells                   Type           Power        Failure   Level  Hunger
 Searing Ray              Conj           ###...       1%          2    N/A
 Confusing Touch          Hex            ##....       2%          1    N/A
 Corona                   Hex            ##.....      2%          1    N/A
 Freeze                   Ice            ##..         2%          1    N/A
 Summon Butterflies       Summ           ##......     2%          1    N/A
 Throw Frost              Conj/Ice       ###...       2%          2    N/A
 Ensorcelled Hibernation  Hex/Ice        ##....       4%          2    N/A
 Dazzling Spray           Conj/Hex       ###...       4%          3    N/A
 Call Canine Familiar     Summ           ##......     9%          3    N/A
 Confuse                  Hex            ##......     9%          3    N/A
 Gell's Gravitas          Tloc           ##........   9%          3    N/A
 Ozocubu's Armour         Chrm/Ice       ##......     9%          3    N/A
 Tukima's Dance           Hex            ##......     9%          3    N/A
 Iskenderun's Mystic Bla  Conj           ###.....     9%          4    N/A
 Force Lance              Conj/Tloc      ###.....     16%         4    N/A
 Fulminant Prism          Conj/Hex       ###.......   16%         4    N/A
 Throw Icicle             Conj/Ice       ###.....     16%         4    N/A
 Petrify                  Tmut/Erth      ##......     17%         4    N/A
 Summon Ice Beast         Ice/Summ       ##......     26%         4    N/A
 Simulacrum               Ice/Necr       #####.....   26%         6    N/A
 Metabolic Englaciation   Hex/Ice        ##........   56%         5    N/A
 Summon Mana Viper        Hex/Summ       ##......     56%         5    N/A
 Yara's Violent Unravell  Hex/Tmut       ##........   56%         5    N/A
 Summon Hydra             Summ           ##........   100%        7    N/A
 Regeneration             Chrm/Necr      Unusable     N/A         3    N/A

Dungeon Overview and Level Annotations

Branches:
Dungeon (10/15)            Temple (1/1) D:5            Lair (5/6) D:8
  Swamp (0/4) Lair:3        Snake (0/4) Lair:2        Slime (0/5) Lair:5
    Orc (0/2) D:10          IceCv (1/1)             Volcano (visited)

Altars:
Ashenzari
Cheibriados
Dithmenos
Elyvilon
Fedhas
Gozag
Hepliaklqana
Kikubaaqudgha
Makhleb
Nemelex Xobeh
Okawaru
Qazlal
Ru
Sif Muna
Trog
Uskayaw
Vehumet
Wu Jian
Xom
Yredelemnul
Zin
The Shining One

Shops:
D:9 [

Annotations:
D:5 2 transporters, minmay's ghost, weakling OpGl
D:7 exclusion: downstairs
D:10 exclusion: ice statue
Lair:1 2 runed translucent doors, particleface's ghost, journeyman TrAM
Lair:5 exclusion: 2 oklob plants


Innate Abilities, Weirdness & Mutations

You do not eat or drink.
Your flesh is vulnerable to fire.
You are immune to poison.
Your flesh is cold resistant. (rC+)
You are immune to negative energy. (rN+++)
You are immune to unholy pain and torment.
You can survive without breathing.


Message History

Your rime drake zombie barely misses the ice beast.
You hit the ice beast.
Lightning courses through the ice beast!
You kill the ice beast!
Kikubaaqudgha accepts your kill.
Your Earth Magic skill increases to level 2!
You block the ice beast's attack.
Your rime drake zombie bites the ice beast but does no damage.
You barely miss the ice beast.
The ice beast hits you but does no damage.
Your rime drake zombie bites the ice beast.
Your yak zombie gores the ice beast.
The ice beast hits you. The ice beast freezes you. You resist.
You take 5 damage, and have 98/103 hp.
You barely miss the ice beast.
Your rime drake zombie completely misses the ice beast.
Your yak zombie gores the ice beast!
You block the ice beast's attack.
You whack the ice beast!
Your rime drake zombie bites the ice beast.
The ice beast dies!
Kikubaaqudgha accepts your kill.
You start resting.
Your magical contamination has completely faded away.
Health restored: 103 You regained 4 mp, and now have 8/27 mp.
You start resting.
Your rime drake zombie crumbles into dust!
MP restored: 27 Your rime drake zombie crumbles into dust!
Your yak zombie crumbles into dust! 2 freezing wraiths come into view.
The floor.
Adjust (i)tems, (s)pells, or (a)bilities?
Okay, then.
Unknown command.
Here: a freezing wraith The floor.
Unknown command.
Aim: a freezing wraith The puff of flame hits the freezing wraith.
The freezing wraith is burned terribly!
Aim: a freezing wraith (lightly damaged)
The puff of flame hits the freezing wraith!
The freezing wraith is burned terribly!
Aim: a freezing wraith (heavily damaged)
The puff of flame hits the freezing wraith but does no damage.
Aim: a freezing wraith (heavily damaged)
The puff of flame hits the freezing wraith!
The freezing wraith is burned terribly!
Aim: a freezing wraith (severely damaged)
The puff of flame hits the freezing wraith but does no damage.
Aim: a freezing wraith (severely damaged)
The puff of flame hits the freezing wraith but does no damage.
The freezing wraith hits you but does no damage.
The freezing wraith hits you! The freezing wraith drains your vigour!
You feel yourself slow down.
You take 8 damage, and have 95/103 hp.
Unknown command.
Okay, then.
Aim: a freezing wraith (severely damaged)
The puff of flame hits the freezing wraith.
The freezing wraith is burned terribly!
The freezing wraith hits you. The freezing wraith freezes you! You resist.
The freezing wraith closely misses you.
The freezing wraith hits you but does no damage. x2
The freezing wraith completely misses you.
The freezing wraith closely misses you. You block the freezing wraith's attack.
The freezing wraith hits you!
You take 23 damage, and have 72/103 hp.
MASSIVE DAMAGE!!
Kikubaaqudgha delivers you a corpse! You block the freezing wraith's attack.
The freezing wraith barely misses you.
You block the freezing wraith's attack. x2
You now have 24/27 mp.
You call on the dead to rise...
The dead are flying!
The freezing wraith hits you! The freezing wraith freezes you! You resist.
The freezing wraith hits you but does no damage. x3
You block the freezing wraith's attack.
The freezing wraith hits you but does no damage.
You block the freezing wraith's attack. x2
You take 18 damage, and have 55/103 hp.
You now have 20/27 mp.
The freezing wraith hits you but does no damage.
You block the freezing wraith's attack.
Your rime drake zombie bites the freezing wraith but does no damage.
Kikubaaqudgha delivers you corpses! The freezing wraith hits you.
The freezing wraith freezes you! You resist.
The freezing wraith barely misses you.
Your rime drake zombie bites the freezing wraith.
The freezing wraith hits you. The freezing wraith freezes you! You resist.
* * * LOW HITPOINT WARNING * * *
You block the freezing wraith's attack. The freezing wraith hits you!
* * * LOW HITPOINT WARNING * * *
The freezing wraith freezes you! You resist.
* * * LOW HITPOINT WARNING * * *
The freezing wraith hits you!
* * * LOW HITPOINT WARNING * * *
Your rime drake zombie barely misses the freezing wraith.
The freezing wraith hits you!
You die...
Kikubaaqudgha rasps: "You have failed me!
Welcome... oblivion!"

##...............##
##....###........##
. #...###
###...#### .. #..##
##### ... #...#
#... ##..## #...
##..## #...###..##
#..W@†..# ###WZ†.##
######


You could see 2 freezing wraiths and a friendly rime drake zombie.

Vanquished Creatures
  Harold (Lair:1)
  A hydra (D:9)
  Urug (Lair:2)
  A lindwurm (Lair:4)
  4 elephants
  A black mamba (Lair:2)
  A molten gargoyle (Volcano)
  10 spiny frogs
  4 komodo dragons
  4 hippogriffs
  A hornet (D:9)
  A bog body (Lair:3)
  2 dream sheep
  13 yaks
  A wyvern (D:10)
  A basilisk (Lair:2)
  A hungry ghost (D:8)
  Eustachio (D:5)
  A death yak simulacrum (IceCv)
  Edmund (D:4)
  2 nagas (Lair:2)
  Duvessa (D:5)
  7 water moccasins
  11 porcupines
  3 orc warriors
  2 sky beasts
  A necrophage (D:10)
  5 ice beasts
  A phantom (D:10)
  2 alligator simulacra (IceCv)
  A black bear (Lair:2)
  2 ogres
  4 centaurs
  5 big kobolds
  9 crocodiles
  9 bullfrogs
  2 gnoll sergeants
  A wyvern skeleton (D:8)
  Dowan (D:5)
  2 scorpions
  An elephant simulacrum (IceCv)
  3 killer bees
  5 wights
  4 howler monkeys
  3 crimson imps
  A hound (D:7)
  A jelly (D:10)
  An orc priest (D:6)
  A bullfrog skeleton (D:4)
  Jessica (D:2)
  Terence (D:2)
  2 iguanas (D:8)
  Natasha (thrice) (D:1)
  7 worker ants
  5 orc wizards
  A hound skeleton (D:6)
  A hound zombie (D:4)
  A howler monkey zombie (D:5)
  A worker ant zombie (D:10)
  Robin (D:2)
  6 gnolls
  A howler monkey skeleton (D:4)
  13 adders
  2 oozes
  An adder skeleton (D:4)
  3 dart slugs
  2 worms
  5 leopard geckos
  18 orcs
  4 bats
  6 giant cockroaches
  25 goblins
  13 hobgoblins
  21 jackals
  16 kobolds
  6 quokkas
  4 ball pythons
  6 frilled lizards
  A leopard gecko zombie (D:5)
  6 rats
325 creatures vanquished.

Vanquished Creatures (collateral kills)
  Erolcha (D:9)
  A hydra (Lair:2)
  A lindwurm (Lair:4)
  An elephant (Lair:4)
  4 black mambas
  3 molten gargoyles (Volcano)
  A spiny frog (Lair:4)
  2 rime drakes
  A dream sheep (D:9)
  2 yaks
  A fire elemental (Volcano)
  A hungry ghost (D:10)
  A naga (Lair:2)
  A soldier ant (D:9)
  A water moccasin (Lair:2)
  A porcupine (Lair:4)
  4 ice beasts (IceCv)
  An ogre (D:9)
  4 crocodiles
  A big kobold (D:9)
  A killer bee (D:9)
  A centaur zombie (D:10)
  An orc priest (D:6)
  A hound zombie (D:9)
  3 gnolls
  A shadow imp (D:7)
  5 white imps (IceCv)
  2 goblins (D:2)
  2 kobolds (D:9)
  A quokka zombie (D:7)
  5 plants
56 creatures vanquished.

Vanquished Creatures (others)
  A fungus (Lair:4)
  19 plants
20 creatures vanquished.

Grand Total: 401 creatures vanquished

Notes
Turn   | Place    | Note
-------+----------+-------------------------------------------
     0 | D:1      | paralogiki the Mummy Necromancer began the quest for the
                  | Orb.
     0 | D:1      | Reached XP level 1. HP: 13/13 MP: 4/4
   144 | D:1      | meem: I am meem, an upgrade of beem built by MalcolmRose
                  | (check out Malcolm's DCSS vids and other projects at
                  | http://youtube.com/malcolmrosegaming). To have me follow
                  | you in your games, type !subscribemeem - to make me go away
                  | forever, type !quitmeem - For help, type: !meem
   193 | D:1      | Learned a level 1 spell: Animate Skeleton
   309 | D:1      | Reached XP level 2. HP: 20/20 MP: 3/5
   322 | D:1      | Reached skill level 1 in Fighting
   409 | D:1      | Reached skill level 3 in Spellcasting
   684 | D:1      | Reached XP level 3. HP: 26/26 MP: 3/7
   801 | D:1      | Found a glowing golden altar of the Shining One.
   827 | D:2      | Noticed Terence
   839 | D:1      | Learned a level 3 spell: Vampiric Draining
   905 | D:2      | Noticed Natasha
   915 | D:2      | HP: 6/27 [white imp[Natasha] (1)]
   918 | D:1      | Killed Natasha
   918 | D:1      | Reached skill level 2 in Fighting
  1240 | D:1      | Noticed Natasha
  1245 | D:1      | Killed Natasha
  1245 | D:1      | Reached XP level 4. HP: 33/33 MP: 3/9
  1306 | D:1      | Noticed Natasha
  1319 | D:1      | Killed Natasha
  1553 | D:2      | Reached skill level 5 in Necromancy
  1569 | D:2      | Noticed Robin
  1598 | D:1      | HP: 6/34 [hobgoblin[Robin] (5)]
  1922 | D:2      | Reached XP level 5. HP: 39/39 MP: 6/10
  1961 | D:2      | Learned a level 4 spell: Animate Dead
  1968 | D:2      | Killed Robin
  2067 | D:2      | Noticed Jessica
  2070 | D:2      | Killed Jessica
  2070 | D:2      | Reached skill level 3 in Fighting
  2070 | D:2      | Reached skill level 4 in Spellcasting
  2111 | D:2      | Killed Terence
  2431 | D:2      | Found a shimmering blue altar of Sif Muna.
  3074 | D:3      | Reached XP level 6. HP: 45/47 MP: 4/12
  3494 | D:4      | Reached skill level 4 in Fighting
  3865 | D:4      | Noticed Edmund
  3882 | D:4      | HP: 12/48 [Edmund/+2 flail of venom (4)]
  3930 | D:4      | HP: 12/48 [Edmund/+2 flail of venom (8)]
  4209 | D:4      | Reached skill level 6 in Necromancy
  4483 | D:4      | Reached XP level 7. HP: 47/55 MP: 8/14
  4749 | D:5      | Entered Level 5 of the Dungeon
  4789 | D:5      | Noticed Eustachio
  4851 | D:4      | Killed Edmund
  4851 | D:4      | Reached skill level 5 in Spellcasting
  5032 | D:5      | Found a transporter.
  5032 | D:5      | Noticed minmay's ghost (weakling OpGl)
  5056 | D:5      | Found a staircase to the Ecumenical Temple.
  5057 | D:5      | Noticed Dowan
  5063 | D:5      | Reached skill level 5 in Fighting
  5079 | D:5      | Killed Dowan
  5168 | D:5      | Noticed Duvessa
  5223 | D:5      | Killed Duvessa
  5382 | Temple   | Entered the Ecumenical Temple
  5531 | Temple   | Became a worshipper of Kikubaaqudgha
  5666 | D:5      | Reached skill level 7 in Necromancy
  5881 | D:5      | Reached XP level 8. HP: 47/64 MP: 1/16
  6065 | D:5      | Killed Eustachio
  6065 | D:5      | Reached skill level 6 in Fighting
  6095 | D:5      | Found a transporter.
  6703 | D:6      | Reached skill level 6 in Spellcasting
  7231 | D:6      | Reached skill level 8 in Necromancy
  7632 | D:6      | Reached skill level 7 in Fighting
  7816 | D:6      | Found an iron altar of Okawaru.
  8466 | D:6      | HP: 12/67 [wight/+0 scimitar (9)]
  8800 | D:7      | Reached XP level 9. HP: 69/72 MP: 11/19
  8985 | D:7      | Reached * piety under Kikubaaqudgha
  8985 | D:7      | Identified Kikubaaqudgha's Reference Book on Dark Magic
                  | (Kikubaaqudgha gifted it to you on level 7 of the Dungeon)
  8985 | D:7      | Received a gift from Kikubaaqudgha
  8991 | D:7      | Learned a level 2 spell: Corpse Rot
  9275 | D:7      | Reached skill level 7 in Spellcasting
  9591 | D:8      | Reached skill level 1 in Evocations
  9651 | D:8      | Reached skill level 9 in Necromancy
  9660 | D:8      | Found a staircase to the Lair.
  9695 | D:8      | Reached skill level 8 in Fighting
  9795 | D:8      | Noticed a komodo dragon
 10461 | D:8      | paralogiki: ??order
 10461 | D:8      | meem: hyperelliptic[1/2]: Lair -> D:12 -> Orc -> D:15 ->
                  | S:3 -> maybe other S:3 -> maybe Elf:1-2 -> get one S rune
                  | -> Vaults:4 -> get second S rune -> maybe Crypt -> Depths:5
                  | -> get three runes -> Zot ("S" means
                  | Shoals/Snake/Spider/Swamp)
 10461 | D:8      | beem: hyperelliptic[1/2]: Lair -> D:12 -> Orc -> D:15 ->
                  | S:3 -> maybe other S:3 -> maybe Elf:1-2 -> get one S rune
                  | -> Vaults:4 -> get second S rune -> maybe Crypt -> Depths:5
                  | -> get three runes -> Zot ("S" means
                  | Shoals/Snake/Spider/Swamp)
 10538 | D:9      | Found Son Fits's Antique Armour Emporium.
 10552 | D:9      | Bought a runed robe for 77 gold pieces
 10552 | D:9      | Bought a pair of glowing boots for 157 gold pieces
 10668 | D:9      | Reached skill level 2 in Evocations
 10872 | D:9      | Reached XP level 10. HP: 80/82 MP: 2/21
 10895 | D:9      | Noticed a three-headed hydra
 10934 | D:9      | Noticed Erolcha
 11145 | D:9      | Killed Erolcha
 11145 | D:9      | Reached skill level 9 in Fighting
 11145 | D:9      | Reached skill level 8 in Spellcasting
 11145 | D:9      | Reached skill level 10 in Necromancy
 11796 | D:9      | Killed a three-headed hydra
 11796 | D:9      | Reached skill level 3 in Evocations
 12222 | D:10     | Entered Level 10 of the Dungeon
 12265 | D:10     | Found a staircase to the Orcish Mines.
 12290 | D:10     | Reached ** piety under Kikubaaqudgha
 12853 | D:10     | Reached skill level 10 in Fighting
 13167 | D:10     | Noticed an ice statue
 13311 | D:10     | Reached skill level 9 in Spellcasting
 13913 | D:8      | Reached skill level 11 in Necromancy
 14079 | Lair:1   | Entered Level 1 of the Lair of Beasts
 14098 | Lair:1   | Reached XP level 11. HP: 59/91 MP: 11/24
 14396 | Lair:1   | Noticed Harold
 14413 | Lair:1   | Killed Harold
 14413 | Lair:1   | Reached skill level 4 in Evocations
 14612 | Lair:1   | Found a runed translucent gate.
 14613 | Lair:1   | Found a runed translucent gate.
 14613 | Lair:1   | Noticed particleface's ghost (journeyman TrAM)
 14613 | Lair:1   | Noticed a nine-headed hydra
 14958 | Lair:1   | You fall into a shaft and drop 1 floor!
 14970 | Lair:2   | Found a dark tunnel.
 15050 | Volcano  | Entered a volcano
 15083 | Volcano  | Noticed a lindwurm
 15083 | Volcano  | Noticed a lindwurm
 15178 | Volcano  | HP: 18/92 [something (24)]
 15218 | Volcano  | HP: 4/92 [something (24)]
 15721 | Lair:2   | Noticed Urug
 15753 | Lair:2   | Killed Urug
 15951 | Lair:2   | Learned a level 1 spell: Magic Dart
 15964 | Lair:2   | Reached skill level 11 in Fighting
 16204 | Lair:2   | Found a staircase to the Snake Pit.
 16798 | Lair:2   | Noticed an eight-headed hydra
 16815 | Lair:2   | Reached skill level 10 in Spellcasting
 16818 | Lair:2   | Reached skill level 12 in Necromancy
 16877 | Lair:2   | HP: 12/93 [eight-headed hydra (15)]
 16879 | Lair:2   | Killed an eight-headed hydra
 18263 | Lair:3   | Found a staircase to the Swamp.
 18464 | Lair:3   | Reached skill level 2 in Dodging
 18464 | Lair:3   | Reached skill level 1 in Conjurations
 18469 | Lair:3   | Reached XP level 12. HP: 65/101 MP: 5/26
 19428 | Lair:4   | Found a shimmering altar of Xom.
 20015 | Lair:4   | Reached skill level 12 in Fighting
 20730 | Lair:4   | Reached skill level 2 in Conjurations
 20972 | Lair:4   | Reached *** piety under Kikubaaqudgha
 20972 | Lair:4   | Identified Kikubaaqudgha's Grimoire of Sinister Magic
                  | (Kikubaaqudgha gifted it to you on level 4 of the Lair of
                  | Beasts)
 20972 | Lair:4   | Received a gift from Kikubaaqudgha
 20982 | Lair:4   | Learned a level 5 spell: Dispel Undead
 20988 | Lair:4   | Learned a level 5 spell: Bolt of Draining
 20994 | Lair:4   | Learned a level 5 spell: Borgnjor's Vile Clutch
 21205 | Lair:4   | Reached skill level 1 in Earth Magic
 21267 | Lair:4   | Reached skill level 5 in Evocations
 21427 | Lair:4   | Found the brooch of Shielding {Reflect SH+8}
 21497 | Lair:4   | Reached skill level 11 in Spellcasting
 21746 | Lair:5   | Found a staircase to the Slime Pits.
 21778 | Lair:5   | Found a frozen archway.
 21787 | IceCv    | Entered an ice cave
 21972 | IceCv    | Reached skill level 13 in Necromancy
 22004 | IceCv    | Reached skill level 2 in Earth Magic
 22156 | IceCv    | HP: 18/103 [freezing wraith (12)]
 22156 | IceCv    | HP: 1/103 [freezing wraith (10)]
 22156 | IceCv    | Mangled by a freezing wraith

Levels and vault maps discovered:
D:1:      dpeg_arrival_round_a, layout_rooms, hex_medium, tso_altar
D:2:      layout_rooms, led_sif_pool, uniq_natasha, uniq_terence, uniq_robin,
          uniq_jessica
D:3:      minmay_general_purpose_star, layout_loops_cross
D:4:      cheibrodos_greedy_goblins, layout_gridville,
          nicolae_ossuary_entry_ruins, corexii_corridor_pit, uniq_edmund
D:5:      layout_rooms, temple_statues, first_ration, gammafunk_ghost_arena,
          uniq_duvessa, uniq_eustachio
D:6:      layout_cave_pods, kennysheep_okawaru_gauntlet
D:7:      layout_cave_pools
D:8:      layout_basic, david_lair_shrubbed
D:9:      layout_rooms, serial_shops, nicolae_shop_crystal,
          kennysheep_big_empty_room, hangedman_ranch [blue_anna_fruit_fields],
          hangedman_corner_corridor, uniq_erolcha
D:10:     layout_roguey, orc_0_dummy, minivault_15
Temple:   kilobyte_greek_temple
Lair:1:   layout_regular_city, gammafunk_ghost_hydra_chop, uniq_harold
Lair:2:   layout_roguey, minmay_snake_entry_guardpost_small,
          nicolae_volcano_entry_hallway, minmay_shattered_shrine, uniq_urug
Lair:3:   layout_regular_city, skrybe_swamp_entry_bodies,
          chequers_serial_rivers_micro_b
Lair:4:   cheibrodos_lair_overgrown_chateau, layout_regular_city, basic_altar
Lair:5:   layout_regular_city, minmay_slime_entry_oklob_open,
          portal_ice_cave_entry_pillars_1, chequers_serial_rivers_micro_b,
          lemuel_old_faithful
IceCv:    ice_cave_small_necro

Skill      XL: |  1  2  3  4  5  6  7  8  9 10 11 12 |
---------------+-------------------------------------+-----
Fighting       | 1 2 3 4 5 7 8 10 11 12 | 12.4
Spellcasting   | 3 4 5 6 7 9 10 11 | 11.0
Necromancy     | 5 6 7 8 9 11 12 13 | 13.0
Evocations     | 2 3 4 5 |  5.0
Dodging        | 2 |  2.8
Conjurations   | 1 2 |  2.9
Earth Magic    | 2 |  2.0
Stealth        | |  1.5

Action                   |  1- 3 |  4- 6 |  7- 9 | 10-12 || total
-------------------------+-------+-------+-------+-------++-------
Melee: Unarmed           |    12 |       |       |       ||    12
       Short sword       |     3 |    10 |       |       ||    13
       Hand axe          |       |    48 |     5 |       ||    53
       Flail             |       |       |   142 |    18 ||   160
       Whip              |       |       |       |   106 ||   106
 Cast: Pain              |    63 |   178 |   231 |   379 ||   851
       Animate Skeleton  |       |     7 |    16 |    48 ||    71
       Vampiric Draining |       |    12 |    39 |   139 ||   190
       Animate Dead      |       |       |     8 |    21 ||    29
       Bolt of Draining  |       |       |       |    18 ||    18
       Dispel Undead     |       |       |       |     6 ||     6
Invok: Receive Corpses   |       |       |     2 |    17 ||    19
Evoke: Wand              |       |       |       |    20 ||    20
  Use: Scroll            |       |     1 |     5 |     6 ||    12
 Stab: Distracted        |       |       |     1 |     2 ||     3
Armor: Robe              |     3 |    25 |    90 |   106 ||   224
Dodge: Dodged            |    17 |    75 |   193 |   265 ||   550
Block: Other             |       |       |    21 |    75 ||    96
       Reflection        |       |       |       |     3 ||     3

Table legend:
 A = Non-vault XP
 B = Vault XP
 C = Vault XP percentage of total XP
 D = Non-vault monster count
 E = Vault monster count
 F = Vault count percentage of total count
                 A         B        C        D         E       F
            +---------+---------+-------+---------+---------+-------
      Total |   18718 |   14598 |  43.8 |     272 |     104 |  27.7
            +---------+---------+-------+---------+---------+-------
        D:1 |     121 |      39 |  24.4 |      28 |       3 |   9.7
        D:2 |      58 |     106 |  64.6 |      17 |      13 |  43.3
        D:3 |      52 |      18 |  25.7 |      21 |       2 |   8.7
        D:4 |     359 |     193 |  35.0 |      19 |      12 |  38.7
        D:5 |     494 |     361 |  42.2 |      16 |       3 |  15.8
        D:6 |     978 |       4 |   0.4 |      28 |       2 |   6.7
        D:7 |     589 |       0 |   0.0 |      20 |       0 |   0.0
        D:8 |    1536 |     389 |  20.2 |      25 |       1 |   3.8
        D:9 |     914 |    2986 |  76.6 |      23 |      14 |  37.8
       D:10 |    1705 |       0 |   0.0 |      22 |       0 |   0.0
     Lair:1 |     885 |    1039 |  54.0 |       6 |       1 |  14.3
     Lair:2 |    2141 |    4057 |  65.5 |      10 |      17 |  63.0
     Lair:3 |    3659 |     249 |   6.4 |      16 |       1 |   5.9
     Lair:4 |    5082 |    3205 |  38.7 |      20 |      16 |  44.4
     Lair:5 |     145 |       0 |   0.0 |       1 |       0 |   0.0
      IceCv |       0 |     967 | 100.0 |       0 |      14 | 100.0
    Volcano |       0 |     985 | 100.0 |       0 |       5 | 100.0
            +---------+---------+-------+---------+---------+-------

Levels and vault maps discovered:
D:1:      dpeg_arrival_round_a, layout_rooms, hex_medium, tso_altar
D:2:      layout_rooms, led_sif_pool, uniq_natasha, uniq_terence, uniq_robin,
          uniq_jessica
D:3:      minmay_general_purpose_star, layout_loops_cross
D:4:      cheibrodos_greedy_goblins, layout_gridville,
          nicolae_ossuary_entry_ruins, corexii_corridor_pit, uniq_edmund
D:5:      layout_rooms, temple_statues, first_ration, gammafunk_ghost_arena,
          uniq_duvessa, uniq_eustachio
D:6:      layout_cave_pods, kennysheep_okawaru_gauntlet
D:7:      layout_cave_pools
D:8:      layout_basic, david_lair_shrubbed
D:9:      layout_rooms, serial_shops, nicolae_shop_crystal,
          kennysheep_big_empty_room, hangedman_ranch [blue_anna_fruit_fields],
          hangedman_corner_corridor, uniq_erolcha
D:10:     layout_roguey, orc_0_dummy, minivault_15
Temple:   kilobyte_greek_temple
Lair:1:   layout_regular_city, gammafunk_ghost_hydra_chop, uniq_harold
Lair:2:   layout_roguey, minmay_snake_entry_guardpost_small,
          nicolae_volcano_entry_hallway, minmay_shattered_shrine, uniq_urug
Lair:3:   layout_regular_city, skrybe_swamp_entry_bodies,
          chequers_serial_rivers_micro_b
Lair:4:   cheibrodos_lair_overgrown_chateau, layout_regular_city, basic_altar
Lair:5:   layout_regular_city, minmay_slime_entry_oklob_open,
          portal_ice_cave_entry_pillars_1, chequers_serial_rivers_micro_b,
          lemuel_old_faithful
IceCv:    ice_cave_small_necro

Table legend:
 A = Turns spent in this place as a percentage of turns spent in the entire game.
 B = Non-inter-level travel turns spent in this place as a percentage of non-inter-level travel turns spent in the entire game.
 C = Inter-level travel turns spent in this place as a percentage of turns spent in this place.
 D = Turns resting spent in this place as a percentage of non-inter-level travel turns spent in this place.
 E = Turns spent auto-exploring this place as a percentage of non-inter-level travel turns spent in this place.
 F = Non-inter-level travel turns spent in this place divided by the number of levels of this place that you've seen.
                   A       B       C       D       E      F
               +-------+-------+-------+-------+-------+----------------------
         Total | 100.0 | 100.0 |   4.3 |  47.3 |  32.2 | 1178.2
       Dungeon |  62.4 |  61.4 |   5.7 |  45.1 |  33.5 | 1302.6
        Temple |   1.2 |   1.0 |  19.4 |   0.0 |  94.9 | 216.0
          Lair |  33.9 |  34.9 |   1.4 |  52.5 |  30.2 | 1481.0
      Ice Cave |   1.7 |   1.7 |   0.0 |  66.7 |   8.9 | 369.0
       Volcano |   0.9 |   0.9 |   0.0 |  11.0 |   0.0 | 191.0
               +-------+-------+-------+-------+-------+----------------------

Table legend:
 A = Kills in this place as a percentage of kills in entire the game.
 B = Kills by you in this place as a percentage of kills by you in the entire game.
 C = Kills by friends in this place as a percentage of kills by friends in the entire game.
 D = Other kills in this place as a percentage of other kills in the entire game.
 E = Experience gained in this place as a percentage of experience gained in the entire game.
 F = Experience gained in this place divided by the number of levels of this place that you have seen.
                   A       B       C       D       E      F
               +-------+-------+-------+-------+-------+----------------------
         Total | 100.0 | 100.0 | 100.0 |   N/A | 100.0 | 1850.9
       Dungeon |  71.5 |  76.6 |  39.2 |   N/A |  32.7 | 1090.2
          Lair |  23.4 |  21.5 |  35.3 |   N/A |  61.4 | 4092.4
      Ice Cave |   3.7 |   1.5 |  17.6 |   N/A |   2.9 | 967.0
       Volcano |   1.3 |   0.3 |   7.8 |   N/A |   3.0 | 985.0
               +-------+-------+-------+-------+-------+----------------------
